 Dungeon Crawl Stone Soup version 0.30-a0-726-gd89dcf765f (webtiles) character file.

Game seed: 13847524316626219055

710 Arximoufas the Magician (level 7, -2/40 HPs)
             Began as a Deep Elf Conjurer on Jan 29, 2023.
             Was an Initiate of Vehumet.
             Shot with an arrow by a centaur (13 damage)
             ... on level 5 of the Dungeon.
             The game lasted 00:17:06 (6078 turns).

Arximoufas the Magician (Deep Elf Conjurer)         Turns: 6078, Time: 00:17:07

Health: -2/40      AC:  5    Str:  4    XL:     7   Next: 40%
Magic:  18/18      EV: 12    Int: 25    God:    Vehumet [......]
Gold:   239        SH:  0    Dex: 13    Spells: 17/18 levels left

rFire   . . .      SeeInvis +    i - +2 dagger (elec)
rCold   . . .      Faith    .    (no shield)
rNeg    . . .      Spirit   .    a - +0 robe
rPois   .          Reflect  .    w - +2 helmet {SInv}
rElec   .          Harm     .    (no cloak)
rCorr   .          Rampage  .    (no gloves)
Will    .....                    (no boots)
Stlth   +++                      (no amulet)
HPRegen 0.26/turn                f - ring of flight
MPRegen 0.16/turn                e - +4 ring of slaying

@: flying
A: no striking features
a: Renounce Religion


You were on level 5 of the Dungeon.
You worshipped Vehumet.
Vehumet was noncommittal.
You visited 2 branches of the dungeon, and saw 6 of its levels.

You collected 304 gold pieces.
You spent 65 gold pieces at shops.

Inventory:

Hand Weapons
 i - a +2 dagger of electrocution (weapon)
 l - a +2 dagger of venom
Missiles
 j - 5 poisoned darts
 v - 6 atropa-tipped darts
Armour
 a - a +0 robe (worn)
 w - a +2 helmet of see invisible (worn)
Jewellery
 e - a +4 ring of slaying (right hand)
 f - a ring of flight (left hand)
 r - a ring of see invisible
 u - a +6 ring of intelligence
Wands
 y - a wand of roots (5)
Scrolls
 h - a scroll of immolation {unknown}
 k - 3 scrolls of fear
 n - a scroll of poison {unknown}
 o - a scroll of fog {unknown}
 p - 2 scrolls of amnesia {unknown}
 q - 5 scrolls of enchant armour
 s - 3 scrolls of teleportation
 t - a scroll of brand weapon {unknown}
Potions
 b - a potion of magic
 g - 3 potions of flight
 m - 2 potions of cancellation
 z - a potion of haste


   Skills:
 - Level 2.0 Fighting
 - Level 4.0 Short Blades
 - Level 2.4 Dodging
 - Level 5.0 Stealth
 - Level 6.0 Spellcasting
 + Level 6.0 Conjurations


You had 17 spell levels left.
You knew the following spells:

 Your Spells              Type           Power      Damage    Failure   Level
a - Magic Dart            Conj           100%       1d8       1%          1

Your spell library contained the following spells:

 Spells                   Type           Power      Damage    Failure   Level
 Searing Ray              Conj           74%        2d7       1%          2
 Dazzling Flash           Conj/Hex       44%        N/A       6%          3
 Fulminant Prism          Conj/Hex       11%        3d9       22%         4
 Iskenderun's Mystic Bla  Conj/Tloc      22%        2d6       22%         4


Dungeon Overview and Level Annotations

Branches:
Dungeon (5/15)             Temple (1/1) D:4

Altars:
Ashenzari
Cheibriados
Dithmenos
Gozag
Kikubaaqudgha
Makhleb
Okawaru
Qazlal
Ru
Trog
Vehumet
Yredelemnul
Zin
The Shining One
Jiyva

Shops:
D:2 ?   D:4 **


Message History

The magic dart hits the dart slug.
The dart slug is heavily wounded.
Aiming: Magic Dart (safe; 1% risk of failure)
Press: ? - help, Q - select action, (/) - cycle Shift-Dir - straight line, f/p - dart slug
Aim: a dart slug (heavily wounded, 100% to hit)
The magic dart hits the dart slug.
The dart slug is almost dead.
Aiming: Magic Dart (safe; 1% risk of failure)
Press: ? - help, Q - select action, (/) - cycle Shift-Dir - straight line, f/p - dart slug
Aim: a dart slug (almost dead, 100% to hit)
The magic dart hits the dart slug.
You kill the dart slug!
Vehumet accepts your kill.
You start resting.
Magic restored.
x - a scroll of identify
As you read the scroll of identify, it crumbles to dust.
d - 2 scrolls of noise You drop 2 scrolls of noise.
The centaur shouts!
The centaur wields a +0 shortbow.
The centaur shoots an arrow.
The arrow hits you.
Aiming: Fastroot
Press: ? - help, Shift-Dir - straight line, f - centaur
Aim: a centaur, wielding a +0 shortbow The roots erupt in riotous growth!
Roots grab the centaur.
The grasping roots constrict the centaur.
The centaur shoots an arrow.
The arrow barely misses you.
The grasping roots constrict the centaur.
The roots release their grip on the centaur.
The centaur shoots an arrow.
The arrow hits you!
The centaur shoots an arrow.
The arrow hits you!
The centaur shoots an arrow.
The arrow hits you!
* * * LOW HITPOINT WARNING * * *
You feel better.
You feel better.
The centaur shoots an arrow.
The arrow hits you!
* * * LOW HITPOINT WARNING * * *
The centaur shoots an arrow.
The arrow hits you!
You die...

............##..###.............
...............## #.............
#..............## #............
#...............####........#..
#................# ##########
#..............!##
#....†...........##
#....?............#
#..............@.c##
##.............#...##
#.............##...##...
#.............##........
##...........####:......
#...........# ..[....
###........## #...... ##....<###
###### #######


You could see a centaur.

Vanquished Creatures
  2 black bears (D:5)
  The ghost of jovan2203 the Trooper, an amateur DsBe of Trog (D:4)
  A phantom (D:4)
  2 scorpions
  A hound (D:4)
  An orc wizard (D:3)
  A gnoll (D:4)
  6 adders
  A river rat (D:4)
  A white imp (D:4)
  A worm (D:2)
  2 dart slugs
  14 orcs
  3 bats
  8 endoplasms
  5 giant cockroaches
  10 goblins
  10 hobgoblins
  4 jackals (D:3)
  3 quokkas
  9 ball pythons
  5 frilled lizards
  11 kobolds
  8 rats
110 creatures vanquished.

Notes
Turn   | Place    | Note
-------+----------+-------------------------------------------
     0 | D:1      | Arximoufas the Deep Elf Conjurer began the quest for the
                  | Orb.
     0 | D:1      | Reached XP level 1. HP: 10/10 MP: 6/6
    47 | D:1      | You fall into a shaft and drop 1 floor!
   315 | D:1      | Reached XP level 2. HP: 15/15 MP: 2/8
   946 | D:1      | Reached skill level 5 in Conjurations
   946 | D:1      | Reached XP level 3. HP: 19/19 MP: 5/9
  1798 | D:2      | Found Hifuplat's Magic Scroll Boutique.
  1806 | D:2      | Bought a scroll of teleportation for 39 gold pieces
  1806 | D:2      | Bought a scroll of identify for 26 gold pieces
  2182 | D:3      | Reached XP level 4. HP: 21/24 MP: 5/11
  2445 | D:3      | Found a burning altar of Makhleb.
  2526 | D:3      | Found a sacrificial altar of Ru.
  2550 | D:3      | Noticed a scorpion
  2556 | D:3      | Killed a scorpion
  2557 | D:3      | Reached skill level 5 in Stealth
  2557 | D:3      | Reached skill level 5 in Spellcasting
  2557 | D:3      | Reached XP level 5. HP: 28/28 MP: 4/14
  2941 | D:3      | Found a faded altar of an unknown god.
  2995 | D:3      | Identified the +1 robe "Cawn" {Fly Int+8}
  3468 | D:3      | Found a bloodstained altar of Trog.
  3771 | D:4      | Found a staircase to the Ecumenical Temple.
  3775 | D:4      | Noticed a phantom
  3784 | D:4      | Killed a phantom
  3785 | D:4      | Reached XP level 6. HP: 25/32 MP: 6/17
  3870 | Temple   | Entered the Ecumenical Temple
  3957 | Temple   | Became a worshipper of Vehumet
  3979 | D:4      | Found a runed translucent door.
  3984 | D:4      | Noticed jovan2203's ghost (amateur DsBe)
  4067 | D:4      | Killed jovan2203's ghost
  4068 | D:4      | Reached skill level 1 in Fighting
  4194 | D:4      | Found Noxzin's Assorted Antiques.
  4370 | D:4      | Found Zin's Purification Station.
  4372 | D:4      | Found a glowing silver altar of Zin.
  5380 | D:4      | Found a shadowy altar of Dithmenos.
  5586 | D:5      | Entered Level 5 of the Dungeon
  5611 | D:5      | Reached XP level 7. HP: 33/40 MP: 9/18
  5749 | D:5      | HP: 1/40 [black bear (6)]
  6078 | D:5      | Shot with an arrow by a centaur

Illustrated notes

Levels and vault maps discovered:
D:1:      lightli_arrival_statue_moat, layout_loops_ring, minmay_pentomino_u4
D:2:      layout_basic, serial_shops, shop, due_unseen_surprise
D:3:      minmay_chambers_of_threes, layout_loops_ring, amcnicky_altar_gilded,
          mainiacjoe_overflow_alcove_2, old_standard_altar,
          chequers_ecumenical_altar_island,
          nicolae_concentric_dashed_squares_mild, kennysheep_generic_room_3,
          uniq_crazy_yiuf_cottage
D:4:      kennysheep_spiral_hall, layout_basic, zin_purify,
          kennysheep_mini_moat, minmay_temple_entry_stoned_glass,
          gup_sewer_entry_bowl, ebering_ghost_sewer_d, nicolae_stop_n_shop_1,
          grunt_ministairs_13
D:5:      layout_cave_pods, nzn_wu_jian_contemplation, uniq_blork_the_orc
Temple:   pf_slimified_temple

Skill      XL: |  1  2  3  4  5  6  7 |
---------------+----------------------+-----
Stealth        | 3 4 5 |  5.0
Conjurations   | 5 6 |  6.0
Spellcasting   | 5 6 |  6.0
Short Blades   | 2 3 4 |  4.0
Fighting       | 2 |  2.0
Dodging        | |  2.4

Action                     |  1- 3 |  4- 6 |  7- 9 || total
---------------------------+-------+-------+-------++-------
  Melee: Dagger            |       |    20 |       ||    20
         Punch             |       |     1 |       ||     1
   Cast: Magic Dart        |    81 |   188 |    21 ||   290
  Evoke: Wand              |       |       |     2 ||     2
    Use: Scroll            |     2 |     3 |     4 ||     9
         Potion            |       |     2 |     2 ||     4
 Armour: Robe              |     1 |    15 |     5 ||    21
         Skin              |       |    48 |       ||    48
  Dodge: Dodged            |     5 |    35 |    12 ||    52

Table legend: (Time is in decaauts)
 A = Elapsed time spent in this place.
 B = Non-inter-level travel time spent in this place.
 C = Inter-level travel time spent in this place.
 D = Time resting spent in this place.
 E = Time spent auto-exploring this place.
 F = Levels seen in this place.
 G = Mean time per level.
                   A        B        C        D        E       F      G
               +--------+--------+--------+--------+--------+-----+--------+
         Total |   6072 |   5790 |    282 |   1035 |   3837 |   6 | 1012.0 |
       Dungeon |   5966 |   5701 |    265 |   1035 |   3759 |   5 | 1193.2 |
        Temple |    105 |     88 |     17 |      0 |     78 |   1 |  105.0 |
               +--------+--------+--------+--------+--------+-----+--------+

Top non-repeatable levels by time:
     D:4: 1717 daAuts
     D:3: 1594 daAuts
     D:2: 1113 daAuts
     D:1: 1049 daAuts
     D:5: 491 daAuts
  Temple: 105 daAuts
